 Dungeon Crawl Stone Soup version 0.31-a0-1074-g0b22e4e0f1 (webtiles) character file.

Game seed: 8788103814116906202

2984 Tauromancer the Spear-Bearer (level 9, -15/78 HPs)
             Began as a Merfolk Fighter on Dec 6, 2023.
             Was an Initiate of Gozag.
             Demolished by an orc warlord
             ... wielding a +6 broad axe
              (23 damage)
             ... in a bailey.
             The game lasted 01:02:01 (7818 turns).

Tauromancer the Spear-Bearer (Merfolk Fighter)      Turns: 7818, Time: 01:02:02

Health: -15/78     AC: 12    Str: 20    XL:     9   Next: 83%
Magic:  9/9        EV: 14    Int:  7    God:    Gozag
Gold:   581        SH:  6    Dex: 14    Spells: 8/8 levels left

rFire   . . .        a - +0 trident
rCold   . . .        c - +1 buckler
rNeg    + . .        r - +2 chain mail
rPois   .            (no helmet)
rElec   .            (no cloak)
rCorr   +            q - +0 pair of gloves "Xumpeqocs" {rN+ Regen+ rCorr}
SInv    .            (no boots)
Will    .....        (no amulet) Stlth
                     m - +5 ring of evasion
HPRegen 1.13/turn    (no ring)
MPRegen 0.11/turn

%: no passive effects
@: mighty, hasted, very quick
A: (nimble swimmer 2), mertail
a: Renounce Religion, Potion Petition, Call Merchant, Bribe Branch


You were in a bailey.
You worshipped Gozag.
Gozag was pleased with you.
You visited 2 branches of the dungeon, and saw 8 of its levels.
You also visited: Bailey.

You collected 922 gold pieces.
You spent 298 gold pieces at shops.
You paid 43 gold pieces to Gozag.

Inventory:

Hand Weapons
 a - a +0 trident (weapon)
 h - a +5 mace
Missiles
 g - 25 boomerangs (quivered)
Armour
 b - a +3 ring mail of poison resistance
 c - a +1 buckler (worn)
 q - the +0 pair of gloves "Xumpeqocs" (worn) {rN+ Regen+ rCorr}
   (You bought it in a shop on level 1 of the Dungeon)

   rN+:       It protects you from negative energy.
   Regen+:    It increases your rate of health regeneration.
   rCorr:     It protects you from acid and corrosion.
 r - a +2 chain mail (worn)
Jewellery
 m - a +5 ring of evasion (left hand)
Wands
 u - a wand of polymorph (6)
 v - a wand of acid (8)
Scrolls
 e - a scroll of enchant armour
 f - 4 scrolls of teleportation
 i - a scroll of fog
 l - a scroll of silence
 p - a scroll of blinking
 t - a scroll of acquirement
 x - a scroll of revelation
Potions
 n - 4 potions of magic
 o - 3 potions of brilliance
 s - 3 potions of curing
 z - 2 potions of cancellation


   Skills:
 + Level 10.2 Fighting
 + Level 11.7 Polearms
 - Level 2.6 Armour
 - Level 3.9 Dodging
 - Level 4.2 Shields


You had 8 spell levels left.
You didn't know any spells.
Your spell library contained the following spells:

 Spells                   Type           Power      Damage    Failure   Level
 Sandblast                Erth           0%         2d4       99%         1
 Shock                    Conj/Air       0%         1d3       99%         1
 Ensorcelled Hibernation  Hex/Ice        0%         N/A       100%        2
 Passwall                 Tmut/Erth      0%         N/A       100%        2
 Dazzling Flash           Conj/Hex       0%         N/A       100%        3
 Ignite Poison            Fire/Tmut/Pois 0%         N/A       100%        3
 Ozocubu's Armour         Ice            0%         N/A       100%        3
 Stone Arrow              Conj/Erth      0%         3d7       100%        3
 Swiftness                Air            0%         N/A       100%        3
 Brom's Barrelling Bould  Conj/Erth      0%         2d3       100%        4
 Sticky Flame             Conj/Fire      0%         2d3       100%        4
 Orb of Destruction       Conj           0%         9d5       100%        7
 Ozocubu's Refrigeration  Ice            0%         4d7       100%        7
 Ignition                 Fire           0%         3d3       100%        8


Dungeon Overview and Level Annotations

Branches:
Dungeon (7/15)             Temple (1/1) D:4          Bailey (1/1)

Altars:
Ashenzari
Cheibriados
Dithmenos
Elyvilon
Fedhas
Gozag
Hepliaklqana
Kikubaaqudgha
Okawaru
Qazlal
Sif Muna
Vehumet
Wu Jian
Xom
Zin
The Shining One

Shops:
D:1 [


Innate Abilities, Weirdness & Mutations

((You are very nimble when in or above water. (Stealth+, EV+, Speed+++)))
Your lower body shifts to a powerful aquatic tail in water.


Message History

As you read the scroll of fear, it crumbles to dust.
You assume a fearsome visage.
The orc warlord looks frightened!
Reach: a) +0 trident
Press: ? - help, Dir - move target, f/p - orc warlord
Aim: an orc warlord, wielding a +6 broad axe and wearing a +0 plate armour (lightly wounded, fleeing, about 23% to evade your +0 trident)
You reach to attack!
You catch the helpless orc warlord completely off-guard!
You hit the orc warlord but do no damage.
Your attack snaps the orc warlord out of its fear.
The orc warlord is lightly wounded.
As you read the scroll of fog, it dissolves into smoke.
As you read the scroll of teleportation, it crumbles to dust.
You feel strangely unstable.
The orc warlord hits you with a +6 broad axe!!
* * * LOW HITPOINT WARNING * * *
You feel much better. The orc warlord closely misses you.
You hit the orc warlord.
The orc warlord is lightly wounded.
The orc warlord hits you with a +6 broad axe!!
Your surroundings suddenly seem different.
There is an open door here.
Your legs become a tail as you enter the water.
You start resting.
HP restored.
There is an open door, spattered with blood here.
Items here: )))) [[[[.
You feel very mighty all of a sudden.
The orc warlord hits you with a +6 broad axe!
You hit the orc warlord.
The orc warlord is lightly wounded.
The orc warlord hits you with a +6 broad axe!
You puncture the orc warlord!
The orc warlord is lightly wounded.
The orc warlord hits you with a +6 broad axe!!
You feel yourself speed up.
The orc warlord hits you with a +6 broad axe!!
* * * LOW HITPOINT WARNING * * *
The orc warlord hits you with a +6 broad axe!!
You die...
Your body crumbles into a pile of gold.

#'#~.........~#'###..♣♣
~.#~..8...8..~#.~~~...♣
~.##.........##.~~~...♣♣
~.#~....∩....~#.~~~...∩♣
~.#~.........~#.~~~...♣♣
~.#~~.8...8.~~#.)~~...♣
#'###.......###)###..♣♣
...#~.8...8.~#....##.♣
...#~~~~~~~~~#..@..##♣
..o####~~~####.o....##
.§§§§.#'''#......8...#
..§§§................#
...§§................#
..8...........8..8..##
..§..#######.......##
..§.## ##.....## ...##
##...##


You could see an orc warlord.

Vanquished Creatures
  Joseph (D:7)
  Maggie (D:6)
  Prince Ribbit (D:6)
  Eustachio (D:6)
  A hog (D:5)
  A water moccasin (D:6)
  3 orc warriors (Bailey)
  An ice beast (D:5)
  2 ogres
  A centaur (D:6)
  A phantom (D:6)
  A bullfrog (D:7)
  A scorpion (D:5)
  4 wights (D:6)
  3 jellies
  A gnoll bouda (D:7)
  3 hounds
  An orc priest (D:4)
  Crazy Yiuf (D:6)
  2 sleepcaps (D:5)
  Jessica (D:3)
  3 orc wizards
  3 iguanas
  7 adders
  7 gnolls
  2 white imps
  2 ufetubi (D:7)
  4 worms
  3 dart slugs
  28 orcs
  2 endoplasms (D:3)
  2 giant cockroaches
  6 goblins
  9 hobgoblins
  4 jackals (D:3)
  7 quokkas
  8 ball pythons
  3 bats
  4 frilled lizards
  18 kobolds
  5 rats
159 creatures vanquished.

Notes
Turn   | Place    | Note
-------+----------+-------------------------------------------
     0 | D:1      | Tauromancer the Merfolk Fighter began the quest for the
                  | Orb.
     0 | D:1      | Reached XP level 1. HP: 18/18 MP: 1/1
    61 | D:1      | Reached skill level 3 in Polearms
    61 | D:1      | Reached XP level 2. HP: 18/24 MP: 2/2
    62 | D:1      | Reached skill level 1 in Dodging
   355 | D:1      | Found Zogiuf's Armour Emporium.
   828 | D:2      | Reached XP level 3. HP: 29/29 MP: 3/3
  1617 | D:3      | Reached XP level 4. HP: 37/37 MP: 4/4
  1824 | D:3      | Noticed Jessica
  1832 | D:3      | Killed Jessica
  1942 | D:3      | Reached XP level 5. HP: 41/42 MP: 5/5
  2025 | D:3      | Got Vehumet's Codex of the Impact
  2080 | D:3      | Found a stormy altar of Qazlal.
  2389 | D:4      | Reached skill level 4 in Polearms
  2909 | D:4      | Reached XP level 6. HP: 19/49 MP: 6/6
  3093 | D:4      | Found a staircase to the Ecumenical Temple.
  3719 | D:4      | Found a snail-covered altar of Cheibriados.
  3794 | Temple   | Entered the Ecumenical Temple
  3808 | Temple   | Became a worshipper of Gozag Ym Sagoz the Greedy
  3937 | D:5      | Entered Level 5 of the Dungeon
  3992 | D:5      | Reached skill level 5 in Polearms
  4059 | D:5      | Found a shimmering altar of Xom.
  4059 | D:5      | Found a glowing silver altar of Zin.
  4059 | D:5      | Noticed an angel
  4131 | D:5      | Reached skill level 5 in Fighting
  4226 | D:5      | Found an iron altar of Okawaru.
  4293 | D:5      | Noticed a black bear
  4295 | D:5      | a black bear changed into a hog
  4295 | D:5      | Noticed a hog
  4303 | D:5      | Killed a hog
  4304 | D:5      | Reached XP level 7. HP: 38/56 MP: 7/7
  4393 | D:5      | Reached skill level 6 in Polearms
  4894 | D:5      | Reached skill level 7 in Polearms
  5138 | D:5      | Reached XP level 8. HP: 50/65 MP: 8/8
  5365 | D:1      | Bought the +0 pair of gloves "Xumpeqocs" {rN+ Regen+ rCorr}
                  | for 298 gold pieces
  5512 | D:6      | Noticed Maggie
  5531 | D:6      | Noticed Eustachio
  5621 | D:6      | HP: 1/64 [Maggie/bolt of fire (22)]
  5631 | D:6      | HP: 3/61 [Maggie/+1 scimitar of draining (6)]
  5633 | D:6      | Killed Maggie
  5634 | D:6      | Reached skill level 8 in Polearms
  5710 | D:6      | Noticed Prince Ribbit
  5738 | D:6      | Killed Prince Ribbit
  5848 | D:6      | Reached skill level 9 in Polearms
  5982 | D:6      | Found a runed translucent door.
  5983 | D:6      | Noticed Crazy Yiuf
  6187 | D:6      | Reached XP level 9. HP: 75/75 MP: 9/9
  6281 | D:6      | Reached skill level 10 in Polearms
  6451 | D:6      | Killed Eustachio
  6911 | D:6      | Killed Crazy Yiuf
  6986 | D:7      | Noticed Joseph
  7035 | D:7      | Killed Joseph
  7036 | D:7      | Reached skill level 11 in Polearms
  7329 | D:7      | Found a flagged portal.
  7410 | Bailey   | Entered a bailey
  7413 | Bailey   | Identified a scroll of acquirement
  7438 | Bailey   | Noticed an orc warlord
  7553 | Bailey   | Reached skill level 10 in Fighting
  7610 | Bailey   | Found a runed translucent gate.
  7613 | Bailey   | Found a runed translucent gate.
  7615 | Bailey   | Found a runed translucent gate.
  7818 | Bailey   | Demolished by an orc warlord

Illustrated notes

Levels and vault maps discovered:
D:1:      eino_arrival_tree_alley, layout_loops_ring, serial_shops, shop
D:2:      minmay_inner_zag, layout_basic
D:3:      layout_loops_ring, nicolae_qazlal_general_emergency, uniq_jessica
D:4:      layout_loops_corners, mainiacjoe_overflow_alcove_2,
          minmay_temple_entry_arrows
D:5:      layout_gridville, grunt_temple_overflow_order_and_chaos_1,
          kennysheep_mini, abandoned_shop
D:6:      layout_basic, minmay_door_square, roderic_lattice_a, uniq_eustachio,
          uniq_maggie, uniq_prince_ribbit1, uniq_crazy_yiuf_cottage
D:7:      layout_layer_cave, lemuel_round_altar, enter_bailey_2,
          nicolae_houndstooth_variations, uniq_joseph
Temple:   hellmonk_temple_of_storms
Bailey:   bailey_axe_bossmonster_kennysheep, bailey

Skill      XL: |  1  2  3  4  5  6  7  8  9 |
---------------+----------------------------+-----
Polearms       | 3 4 5 7 9 11 | 11.7
Dodging        | 1 2 3 |  3.9
Fighting       | 4 5 6 8 10 | 10.2
Shields        | 4 |  4.2
Armour         | |  2.6

Action                     |  1- 3 |  4- 6 |  7- 9 || total
---------------------------+-------+-------+-------++-------
  Melee: Trident           |   121 |   257 |   389 ||   767
  Throw: Boomerang         |       |     1 |     1 ||     2
  Evoke: Wand              |       |     2 |       ||     2
    Use: Scroll            |       |    11 |     9 ||    20
         Potion            |       |     3 |     7 ||    10
   Stab: Distracted        |       |     1 |     1 ||     2
         Fleeing           |       |       |     1 ||     1
 Armour: Scale mail        |    43 |    82 |    21 ||   146
         Chain mail        |       |       |    99 ||    99
         Ring mail         |       |       |    10 ||    10
  Dodge: Dodged            |    44 |   145 |   145 ||   334
  Block: Buckler           |    22 |    42 |    69 ||   133

Table legend: (Time is in decaauts)
 A = Elapsed time spent in this place.
 B = Non-inter-level travel time spent in this place.
 C = Inter-level travel time spent in this place.
 D = Time resting spent in this place.
 E = Time spent auto-exploring this place.
 F = Levels seen in this place.
 G = Mean time per level.
                   A        B        C        D        E       F      G
               +--------+--------+--------+--------+--------+-----+--------+
         Total |   7794 |   7238 |    556 |   1274 |   4477 |   9 |  866.0 |
       Dungeon |   7397 |   6865 |    532 |   1230 |   4334 |   7 | 1056.7 |
        Temple |     25 |      2 |     23 |      0 |      0 |   1 |   25.0 |
        Bailey |    370 |    370 |      0 |     44 |    143 |   1 |  370.0 |
               +--------+--------+--------+--------+--------+-----+--------+

Top non-repeatable levels by time:
     D:4: 1519 daAuts
     D:5: 1441 daAuts
     D:6: 1361 daAuts
     D:2: 927 daAuts
     D:3: 926 daAuts
     D:1: 776 daAuts
     D:7: 445 daAuts
  Bailey: 370 daAuts
  Temple: 25 daAuts
